 Dungeon Crawl Stone Soup version 0.31-a0-889-g1a8549509d (webtiles) character file.

Game seed: 17614674469270429819

379 dialectric the Covert (level 6, 0/30 HPs)
             Began as a Spriggan Brigand on Oct 11, 2023.
             Shot with an arrow by a centaur (9 damage)
             ... on level 5 of the Dungeon on Oct 16, 2023.
             The game lasted 00:07:23 (4405 turns).

dialectric the Covert (Spriggan Brigand)            Turns: 4405, Time: 00:07:24

Health: 0/30       AC:  3    Str:  7    XL:     6   Next: 45%
Magic:  7/7        EV: 18    Int: 19    God:
Gold:   228        SH:  0    Dex: 18    Spells: 5/5 levels left

rFire   . . .        a - +2 dagger
rCold   . . .        (no shield)
rNeg    . . .        b - +0 robe
rPois   .            (helmet restricted)
rElec   .            c - +0 cloak
rCorr   .            (gloves unavailable)
SInv    +            (boots unavailable)
Will    +....        (no amulet)
Stlth   ++++         m - +6 ring of intelligence
HPRegen 0.25/turn    (no ring)
MPRegen 0.10/turn

%: no passive effects
@: very quick
A: very small, no large weapons, unfitting armour, see invisible, speed 3
a: no special abilities


You were on level 5 of the Dungeon.
You visited 1 branch of the dungeon, and saw 6 of its levels.

You collected 228 gold pieces.

Inventory:

Hand Weapons
 a - a +2 dagger (weapon)
Missiles
 d - 10 poisoned darts (quivered)
Armour
 b - a +0 robe (worn)
 c - a +0 cloak (worn)
Jewellery
 m - a +6 ring of intelligence (left hand)
Wands
 e - a wand of flame (3)
Scrolls
 g - 2 scrolls of identify
 j - 2 scrolls of vulnerability {unknown}
 k - a scroll of enchant armour {unknown}
 l - a scroll of fear {unknown}
 r - a scroll of brand weapon {unknown}
Potions
 f - 2 potions of resistance
 h - a potion of curing {unknown}
 i - 2 potions of might {unknown}
 n - a potion of cancellation
 o - a potion of magic {unknown}
 p - a potion of lignification {unknown}
 q - a potion of haste {unknown}


   Skills:
 + Level 2.1 Fighting
 + Level 3.6 Short Blades
 + Level 3.4 Throwing
 * Level 3.4 Dodging
 + Level 9.0 Stealth


You had 5 spell levels left.
You didn't know any spells.
Your spell library contained the following spells:

 Spells                   Type           Power      Damage    Failure   Level
 Gell's Gravitas          Tloc           0%         N/A       52%         3
 Teleport Other           Tloc           0%         N/A       52%         3
 Dispersal                Tloc           0%         N/A       100%        6


Dungeon Overview and Level Annotations

Branches:
Dungeon (6/15)
 Temple: D:4-7

Altars:
Qazlal
Sif Muna
Xom

Annotations:
D:2 Sigmund
D:3 3 runed translucent doors, Robin; olddryhag's ghost, amateur DsGl


Innate Abilities, Weirdness & Mutations

You are very small and have problems with some larger weapons.
You are too small for most types of armour.
You have supernaturally acute eyesight. (SInv)
You cover ground extremely quickly. (Speed+++)


Message History

The adder barely misses you. The adder barely misses you.
There is an open door here.
There is a stone staircase leading down here.
You climb downwards.
There is a stone staircase leading up here.
Unknown command.
Unknown command.
You see here an adder corpse.
Found a scroll labelled NOJOQA METE.
Found a stone staircase leading down.
r - a scroll labelled NOJOQA METE
Found 6 poisoned darts.
d - 10 poisoned darts (gained 6)
There is a stone staircase leading up, spattered with blood here.
You climb upwards.
You hear the sound of rushing water.
There is an entrance to a sewer on this level.
Hurry and find it before the portal rusts away!
You hear the rusting of a very distant drain.
There is a stone staircase leading down here.
Unknown command.
As you read the scroll labelled RUTRUWK JET CAS, it dissolves into smoke.
It was a scroll of fog.
The orc wizard shouts!
The orc wizard gestures at you while chanting.
The puff of flame hits you! Why would you want to do that?
Found an inky potion.
Found an emerald potion.
Found 14 gold pieces.
o - an emerald potion You now have 228 gold pieces (gained 14).
Found 5 stones.
A centaur comes into view.
The centaur shouts!
The centaur wields a +2 shortbow of flaming.
It bursts into flame!
The centaur shoots an arrow.
The arrow hits you! The arrow burns you.
* * * LOW HITPOINT WARNING * * *
The centaur shoots an arrow.
The arrow hits you!
You die...

..≈.§ ....≈§≈
....≈§≈
...≈§≈ #.≈.§
########
#.≈≈≈
#(.....#
#....
#.####.# #.#.
#@# #.# #.#.
#.# #.# #.#.
#.#
#.########.#.
#c#
#............
#.#
##########.##
#.# #... ..#
#### ###


You could see a centaur.

Vanquished Creatures
  An ice beast (D:4)
  2 hounds
  Natasha (thrice) (D:2)
  An orc wizard (D:3)
  4 gnolls (D:2)
  4 adders
  A dart slug (D:1)
  An orc (D:4)
  4 ball pythons
  4 endoplasms
  2 giant cockroaches
  8 goblins
  3 hobgoblins
  7 kobolds
  3 quokkas
  A bat (D:3)
  3 frilled lizards
  7 rats
59 creatures vanquished.

Notes
Turn   | Place    | Note
-------+----------+-------------------------------------------
     0 | D:1      | dialectric the Spriggan Brigand began the quest for the
                  | Orb.
     0 | D:1      | Reached XP level 1. HP: 10/10 MP: 2/2
   113 | D:1      | Reached skill level 6 in Stealth
   711 | D:1      | Reached XP level 2. HP: 14/14 MP: 3/3
   965 | D:2      | Noticed Natasha
   973 | D:2      | Killed Natasha
   974 | D:2      | Reached skill level 7 in Stealth
   974 | D:2      | Reached XP level 3. HP: 18/18 MP: 4/4
  1266 | D:2      | Noticed Natasha
  1353 | D:2      | Killed Natasha
  1354 | D:2      | Reached XP level 4. HP: 17/23 MP: 5/5
  1529 | D:2      | Noticed Natasha
  1541 | D:2      | Killed Natasha
  1680 | D:3      | Reached skill level 8 in Stealth
  1680 | D:3      | Reached XP level 5. HP: 23/26 MP: 6/6
  1902 | D:4      | Noticed an ice beast
  1907 | D:4      | Killed an ice beast
  2069 | D:3      | Found a runed translucent gate.
  2070 | D:3      | Found a runed translucent gate.
  2071 | D:3      | Found a runed translucent gate.
  2074 | D:3      | Noticed olddryhag's ghost (amateur DsGl)
  2161 | D:3      | Noticed Robin
  2191 | D:2      | Noticed Sigmund
  2217 | D:2      | Found a faded altar of an unknown god.
  2606 | D:3      | Found a stormy altar of Qazlal.
  2878 | D:4      | Found a shimmering blue altar of Sif Muna.
  3110 | D:3      | Reached XP level 6. HP: 15/30 MP: 7/7
  3510 | D:2      | Upgraded the game from 0.31-a0-865-g3d5d91748a to
                  | 0.31-a0-889-g1a8549509d
  3937 | D:5      | Entered Level 5 of the Dungeon
  4122 | D:5      | Found a shimmering altar of Xom.
  4152 | D:6      | Reached skill level 9 in Stealth
  4405 | D:5      | Shot with an arrow by a centaur

Illustrated notes

Levels and vault maps discovered:
D:1:      ncdulo_wetmaze, layout_basic
D:2:      layout_loops_corners, dreamdust_ecumenical_altar_angels_and_demons,
          uniq_sigmund, uniq_natasha, uniq_crazy_yiuf_cottage
D:3:      wander_river, layout_loops_corners, mainiacjoe_overflow_boulevard,
          gammafunk_ghost_necromancy, uniq_robin
D:4:      layout_rooms, kennysheep_orc_sif_temple
D:5:      layout_basic, mainiacjoe_overflow_concentric_impassable,
          cheibrodos_sewer_entry_drain
D:6:      layout_cave_pools, kennysheep_vampire_church,
          minmay_temple_entry_wispy, gammafunk_ghost_nasty_kobolds,
          chequers_garden, st_stairs_13

Skill      XL: |  1  2  3  4  5  6 |
---------------+-------------------+-----
Stealth        | 6 7 8 9 |  9.0
Short Blades   | 3 |  3.6
Throwing       | 3 |  3.4
Dodging        | 2 3 |  3.4
Fighting       | 2 |  2.1

Action                     |  1- 3 |  4- 6 || total
---------------------------+-------+-------++-------
  Melee: Dagger            |    43 |   118 ||   161
         Punch             |       |     2 ||     2
  Throw: Dart              |    23 |    15 ||    38
    Use: Scroll            |       |     3 ||     3
         Potion            |       |     1 ||     1
   Stab: Sleeping          |     3 |    15 ||    18
         Distracted        |       |     3 ||     3
 Armour: Robe              |    18 |    51 ||    69
  Dodge: Dodged            |    32 |    90 ||   122

Table legend: (Time is in decaauts)
 A = Elapsed time spent in this place.
 B = Non-inter-level travel time spent in this place.
 C = Inter-level travel time spent in this place.
 D = Time resting spent in this place.
 E = Time spent auto-exploring this place.
 F = Levels seen in this place.
 G = Mean time per level.
                   A        B        C        D        E       F      G
               +--------+--------+--------+--------+--------+-----+--------+
         Total |   3021 |   2975 |     46 |    294 |   1849 |   6 |  503.5 |
       Dungeon |   3021 |   2975 |     46 |    294 |   1849 |   6 |  503.5 |
               +--------+--------+--------+--------+--------+-----+--------+

Top non-repeatable levels by time:
     D:3: 1039 daAuts
     D:2: 877 daAuts
     D:1: 563 daAuts
     D:4: 231 daAuts
     D:5: 183 daAuts
     D:6: 127 daAuts
